 Dungeon Crawl Stone Soup version 0.30-a0-310-g7d6cbdfea6 (webtiles) character file.

Game seed: 15051014957859515494

23410 billz999 the Unseen (level 12, -4/91 HPs)
             Began as a Vampire Earth Elementalist on Oct 24, 2022.
             Was an Initiate of Gozag.
             Killed by divine providence
             ... invoked by a meliai
              (13 damage)
             ... on level 3 of the Lair of Beasts.
             The game lasted 00:40:50 (15009 turns).

billz999 the Unseen (Vampire Earth Elementalist)   Turns: 15009, Time: 00:40:51

Health: -4/91      AC: 15    Str:  7    XL:     12   Next: 71%
Magic:  3/31       EV: 12    Int: 27    God:    Gozag
Gold:   2083       SH:  5    Dex: 21    Spells: 13/23 levels left

rFire   . . .      SeeInvis +    C - +5 quick blade (drain)
rCold   . . .      Faith    .    (no shield)
rNeg    . . .      Spirit   .    t - +3 leather armour
rPois   .          Reflect  +    X - +3 hat of Pondering {ponderous, Will+ MP+10 Int+5}
rElec   .          Harm     .    s - +0 cloak
rCorr   .          Rampage  .    H - +0 pair of gloves
Will    ++...                    (no boots)
Stlth   +++++++...               c - amulet of reflection
HPRegen 0.55/turn                i - +4 ring of protection
MPRegen 0.22/turn                L - +6 ring of dexterity

@: about to teleport, marked, healing quickly, slow
A: alive, fangs 3, see invisible, vampiric 2
a: Exsanguinate, Renounce Religion, Potion Petition, Call Merchant, Bribe Branch


You were on level 3 of the Lair of Beasts.
You worshipped Gozag.
Gozag was most pleased with you.
You visited 3 branches of the dungeon, and saw 13 of its levels.
You also visited: Sewer and Bailey.

You collected 2249 gold pieces.
You paid 166 gold pieces to Gozag.

Inventory:

Hand Weapons
 C - a +5 quick blade of draining (weapon)
 U - the +7 sling of the Ecumenical Temple {drain, Str+4}
   (You found it on level 9 of the Dungeon)

   A truly terrible weapon, it drains the life of any living foe it strikes.
   Str:       It affects your strength (+4).
Missiles
 h - 7 throwing nets
 n - 15 poisoned darts
Armour
 a - a +0 robe
 s - a +0 cloak (worn)
 t - a +3 leather armour (worn)
 H - a +0 pair of gloves (worn)
 N - the +4 chain mail of Huqun {rC+}
   (You found it on level 6 of the Dungeon)

   rC:        It protects you from cold.
 Q - a +0 pair of gloves
 W - a +2 robe of willpower
 X - the +3 hat of Pondering (worn) {ponderous, Will+ MP+10 Int+5}
   (You took it off Gastronok on level 1 of the Lair of Beasts)

   Int:       It affects your intelligence (+5).
   MP:        It affects your magic capacity (+10).
   Will:      It increases your willpower.
Magical Staves
 Y - a staff of poison
Jewellery
 c - an amulet of reflection (around neck)
 i - a +4 ring of protection (left hand)
 r - a +4 ring of slaying
 E - a ring of flight
 L - a +6 ring of dexterity (right hand)
Wands
 K - a wand of acid (19)
 T - a wand of paralysis (2)
 Z - a wand of iceblast (1)
Scrolls
 d - 4 scrolls of magic mapping
 e - a scroll of fear
 f - a scroll of amnesia
 k - 4 scrolls of immolation
 l - a scroll of teleportation
 q - a scroll of blinking
 w - a scroll of fog
 A - a scroll of vulnerability {unknown}
 B - a scroll of enchant armour
 D - 3 scrolls of poison
 M - 3 scrolls of identify
 P - a scroll of silence {unknown}
 S - 2 scrolls of noise {unknown}
Potions
 b - 6 potions of magic
 g - 5 potions of mutation
 j - a potion of lignification {unknown}
 m - 4 potions of might
 o - 2 potions of degeneration
 p - 7 potions of curing
 u - 3 potions of brilliance
 v - a potion of cancellation {unknown}
 x - 4 potions of haste {unknown}
 F - 4 potions of heal wounds {unknown}
 G - 2 potions of attraction {unknown}
 I - a potion of invisibility
 J - a potion of berserk rage
 R - 4 potions of flight


   Skills:
 + Level 7.6 Fighting
 + Level 9.1 Short Blades
 - Level 2.1 Dodging
 - Level 19.0 Stealth
 - Level 6.3 Spellcasting
 - Level 9.6 Transmutations
 * Level 8.2 Earth Magic


You had 13 spell levels left.
You knew the following spells:

 Your Spells              Type           Power      Damage    Failure   Level
a - Sandblast             Erth           100%       2d20      1%          1
b - Petrify               Tmut/Erth      54%        N/A       2%          4
c - Lee's Rapid Deconstr  Erth           26%        3d14*     9%          5

Your spell library contained the following spells:

 Spells                   Type           Power      Damage    Failure   Level
 Passwall                 Tmut/Erth      45%        N/A       1%          2
 Stone Arrow              Conj/Erth      60%        3d10      5%          3
 Necrotise                Necr           32%        1d5       10%         1
 Gell's Gravitas          Tloc           8%         N/A       28%         3
 Inner Flame              Hex/Fire       8%         N/A       28%         3
 Kindle Blastsparks       Fire/Tloc/Air  16%        2d11      28%         3
 Teleport Other           Tloc           8%         N/A       28%         3
 Vampiric Draining        Necr           8%         2d6       28%         3
 Flame Wave               Conj/Fire      8%         2d5       67%         4
 Fulminant Prism          Conj/Hex       4%         3d6       67%         4
 Iskenderun's Mystic Bla  Conj/Tloc      8%         2d4       67%         4
 Sticky Flame             Conj/Fire      8%         2d3       67%         4
 Agony                    Necr           8%         N/A       95%         5
 Dispersal                Tloc           4%         N/A       100%        6


Dungeon Overview and Level Annotations

Branches:
Dungeon (9/15)             Temple (1/1) D:7            Lair (3/5) D:9
 Spider (0/4) Lair:3          Orc (0/2) D:9           Sewer (visited)
 Bailey (visited)
  Swamp: Lair:2-3    Shoals: Lair:2-3

Altars:
Ashenzari
Cheibriados
Dithmenos
Gozag
Hepliaklqana
Kikubaaqudgha
Nemelex Xobeh
Okawaru
Qazlal
Sif Muna
Trog
Uskayaw
Vehumet
Xom
Yredelemnul

Shops:
D:2 :

Annotations:
D:8 3 runed translucent doors


Innate Abilities, Weirdness & Mutations

Your natural rate of healing is accelerated.
You have razor-sharp teeth.
You have supernaturally acute eyesight. (SInv)
You are afflicted with vampirism and can become a bat while bloodless.


Message History

You are poisoned.
The meliai poisons you! The meliai hits you with a +0 war axe!
* * * LOW HITPOINT WARNING * * *
The meliai stings you but does no damage.
The meliai barely misses you.
The meliai stings you but does no damage.
The meliai hits you but does no damage. The meliai stings you!
* * * LOW HITPOINT WARNING * * *
It was a potion of curing.
You feel better. The meliai closely misses you.
The meliai stings you but does no damage.
The meliai hits you but does no damage.
The meliai stings you but does no damage.
The meliai closely misses you. The meliai stings you.
* * * LOW HITPOINT WARNING * * *
The meliai misses you.
The meliai stings you but does no damage.
Blink to where?
Press: ? - help, Dir - move target, p - river rat A killer bee and 2 yaks come into view.
As you read the scroll of blinking, it crumbles to dust.
The meliai mumbles some strange prayers to its god against you.
Something smites you!
* * * LOW HITPOINT WARNING * * *
A killer bee comes into view.
The yak closely misses you.
As you read the scroll of fear, it crumbles to dust.
You assume a fearsome visage.
The elephant resists with almost no effort.
The meliai looks frightened! x2; The river rat looks frightened!
The killer bee looks frightened! x2; The yak looks frightened! x2
The meliai stops moving altogether!
A killer bee comes into view.
As you read the scroll of teleportation, it crumbles to dust.
You feel strangely unstable.
Cornered, the meliai turns to fight!
A gnoll bouda comes into view. It is wielding a +0 quarterstaff.
A killer bee comes into view.
The meliai invokes the aid of its god against you.
Something smites you!
You die...
Your body crumbles into a pile of gold.

##...yy#####
##...#y...##
#####...y.##
#.y.y...#
##.....##### #####
##...Y#$..##
##...##
#####.....##
##.....## #.....Y.#
#.......#
##.@...#####.....##
##..$$.........##
#######gY...#####
#...........##
#.##.P..#.#.#...##
#.#P.....).......#
......#..###P.$..#
........####....##
......#.# #......##


You could see an elephant, 2 yaks, a meliai, a gnoll bouda and 2 killer bees.

Vanquished Creatures
  Gastronok (Lair:1)
  A hydra (Lair:2)
  Erolcha (D:9)
  Amaemon (Lair:1)
  A necromancer (Lair:2)
  5 elephants (Lair:3)
  2 black mambas
  Maggie (D:8)
  2 rime drakes
  A cane toad (Lair:2)
  An orange demon (Lair:1)
  3 kobold demonologists
  3 komodo dragons
  Psyche (D:9)
  2 meliai (Lair:3)
  A queen bee (Lair:3)
  2 hornets
  6 blink frogs
  32 yaks
  5 wyverns
  3 basilisks
  7 water moccasins
  8 orc warriors
  3 ice beasts
  3 black bears
  12 wolves
  An ogre (D:4)
  4 centaurs
  2 phantoms
  8 bullfrogs
  2 kobold brigands
  A gnoll sergeant (D:7)
  2 scorpions
  3 wights (D:9)
  23 killer bees
  2 howler monkeys
  8 orc priests
  3 hounds
  A jelly (D:7)
  5 iguanas
  7 orc wizards
  A polar bear simulacrum (Lair:2)
  5 wolf simulacra (Lair:2)
  2 yak simulacra (Lair:2)
  14 gnolls
  2 river rats (D:4)
  7 adders
  A shadow imp (D:8)
  8 white imps
  9 ufetubi
  3 worms
  2 dart slugs
  42 orcs
  5 bats
  7 endoplasms
  7 giant cockroaches
  7 goblins
  6 hobgoblins
  28 kobolds
  6 quokkas
  11 ball pythons
  3 frilled lizards
  8 rats
  3 river rat simulacra (Lair:2)
367 creatures vanquished.

Vanquished Creatures (others)
  3 demonic plants (D:5)
  11 fungi
  12 plants
26 creatures vanquished.

Grand Total: 393 creatures vanquished

Notes
Turn   | Place    | Note
-------+----------+-------------------------------------------
     0 | D:1      | billz999 the Vampire Earth Elementalist began the quest for
                  | the Orb.
     0 | D:1      | Reached XP level 1. HP: 13/13 MP: 3/3
   459 | D:1      | Reached XP level 2. HP: 19/19 MP: 1/5
   592 | D:2      | Found Heshaet's Book Emporium.
   819 | D:2      | Found a faded altar of an unknown god.
  1151 | D:2      | Gained mutation: You are afflicted with vampirism and can
                  | become a bat while bloodless. [Vampire growth]
  1151 | D:2      | Reached XP level 3. HP: 24/24 MP: 4/6
  1167 | D:2      | Reached skill level 4 in Stealth
  1962 | D:3      | Reached XP level 4. HP: 30/30 MP: 5/7
  2095 | D:3      | Reached skill level 5 in Stealth
  2261 | D:3      | Reached XP level 5. HP: 35/35 MP: 3/8
  2270 | D:3      | Reached skill level 6 in Stealth
  2281 | D:2      | Reached skill level 7 in Stealth
  2653 | D:3      | Found a bloodstained altar of Trog.
  2786 | D:3      | Reached XP level 6. HP: 41/41 MP: 6/9
  2992 | D:3      | Reached skill level 8 in Stealth
  3028 | D:4      | Learned a level 4 spell: Petrify
  3154 | D:4      | Found a broken altar of Ashenzari.
  3542 | D:4      | Reached XP level 7. HP: 34/46 MP: 6/11
  3704 | D:4      | Found a glowing drain.
  3712 | Sewer    | Entered a sewer
  3996 | D:5      | Entered Level 5 of the Dungeon
  4360 | D:5      | Reached skill level 5 in Transmutations
  4380 | D:5      | Reached skill level 9 in Stealth
  4400 | D:5      | Reached skill level 5 in Earth Magic
  4414 | D:5      | Reached XP level 8. HP: 49/52 MP: 4/14
  4925 | D:6      | Identified the +4 chain mail of Huqun {rC+}
  5613 | D:7      | Found a radiant altar of Vehumet.
  5619 | D:7      | Reached skill level 5 in Spellcasting
  5868 | D:7      | Reached XP level 9. HP: 57/57 MP: 14/17
  6324 | D:7      | Found a staircase to the Ecumenical Temple.
  6410 | Temple   | Entered the Ecumenical Temple
  6453 | Temple   | Became a worshipper of Gozag Ym Sagoz the Greedy
  6853 | D:8      | Found a runed translucent gate.
  6853 | D:8      | Found a runed translucent gate.
  6853 | D:8      | Found a runed translucent gate.
  6982 | D:8      | Found a flagged portal.
  6990 | Bailey   | Entered a bailey
  7588 | D:8      | Noticed a brown ugly thing
  7589 | D:8      | Noticed a cyan ugly thing
  7589 | D:8      | Noticed a cyan ugly thing
  7589 | D:8      | Noticed a purple ugly thing
  7898 | D:8      | Reached skill level 1 in Short Blades
  7927 | D:8      | Noticed Maggie
  7937 | D:8      | Killed Maggie
  7938 | D:8      | Reached skill level 1 in Fighting
  7938 | D:8      | Reached XP level 10. HP: 65/65 MP: 11/19
  8006 | D:8      | Found a stormy altar of Qazlal.
  8162 | D:8      | Reached skill level 10 in Stealth
  8771 | D:9      | Noticed Psyche
  8895 | D:8      | Reached skill level 11 in Stealth
  9120 | D:9      | Killed Psyche
  9282 | D:9      | Identified the +7 sling of the Ecumenical Temple {drain,
                  | Str+4}
  9497 | D:9      | Found a staircase to the Orcish Mines.
  9544 | D:9      | Noticed Erolcha
  9623 | D:9      | Reached skill level 12 in Stealth
  9727 | D:9      | Noticed an orange demon
  9733 | D:9      | Noticed a rust devil
 10193 | D:9      | Found a staircase to the Lair.
 10214 | D:9      | Noticed a sixfirhy
 10220 | D:9      | Reached skill level 13 in Stealth
 10533 | D:9      | Identified a scroll of acquirement
 10534 | D:9      | Acquired a +1 quick blade of freezing
 10676 | D:9      | Reached skill level 5 in Short Blades
 10839 | D:9      | Killed Erolcha
 10840 | D:9      | Reached XP level 11. HP: 44/77 MP: 11/20
 11007 | Lair:1   | Entered Level 1 of the Lair of Beasts
 11030 | Lair:1   | Reached skill level 14 in Stealth
 11151 | Lair:1   | Noticed Gastronok
 11170 | Lair:1   | Killed Gastronok
 11536 | Lair:1   | Noticed Amaemon
 11553 | Lair:1   | Reached skill level 5 in Fighting
 11553 | Lair:1   | Reached skill level 15 in Stealth
 11566 | Lair:1   | Killed Amaemon
 12318 | Lair:2   | Reached skill level 16 in Stealth
 12691 | Lair:2   | Reached skill level 17 in Stealth
 13070 | Lair:2   | Reached XP level 12. HP: 88/88 MP: 21/21
 13134 | Lair:2   | Noticed a four-headed hydra
 13142 | Lair:2   | Killed a four-headed hydra
 13326 | Lair:2   | Reached skill level 18 in Stealth
 14306 | Lair:3   | Found a hole to the Spider Nest.
 14827 | Lair:3   | Reached skill level 19 in Stealth
 14833 | Lair:3   | Learned a level 5 spell: Lee's Rapid Deconstruction
 15009 | Lair:3   | Killed from afar by a meliai

Illustrated notes

Levels and vault maps discovered:
D:1:      dpeg_arrival_fog, layout_rooms, serial_glass, glass_columns_a,
          glass_columns_b
D:2:      kennysheep_six_static_rooms, layout_rooms, serial_shops, shop,
          shapermc_ecumenical_altar_hornbeckon, kennysheep_minor_cross,
          serial_bayou_lake_a
D:3:      minmay_evil_eye, layout_loops_ring, trog_butcher_becter,
          mainiacjoe_overflow_24_doors
D:4:      layout_loops_cross, mainiacjoe_overflow_six_doors_small,
          portal_sewer_entry_e
D:5:      layout_rooms, serial_demonic, serial_demonic_f, serial_demonic_d,
          serial_demonic_b, serial_demonic_c
D:6:      layout_basic
D:7:      layout_rooms, nicolae_overflow_crystal_walls,
          minmay_temple_entry_fiery, serial_glass, glass_columns_a,
          glass_columns_a, nrook_pool_corridor, minmay_diced_spiral
D:8:      layout_basic, nicolae_qazlal_eye_of_the_storm, enter_bailey_2,
          ploomutoo_gammafunk_ghost_potion_laboratory, uniq_maggie
D:9:      layout_basic, lair_entry_dummy, orc_0_dummy, solitary_fountain,
          uniq_erolcha, uniq_psyche
Temple:   nicolae_temple_ecumenical_triangle
Lair:1:   layout_roguey, uniq_amaemon, uniq_gastronok
Lair:2:   layout_hall_layers, eino_house_with_fridge
Lair:3:   regret_index_combs_of_tragedy, layout_gridlike, swamp_mist,
          spider_nest_entry_web_field, dreamdust_gnoll_shepherd,
          infiniplex_staircase_pool, serial_bayou_shore_b

Skill      XL: |  1  2  3  4  5  6  7  8  9 10 11 12 |
---------------+-------------------------------------+-----
Transmutations | 2 3 4 5 7 9 |  9.6
Stealth        | 4 5 7 8 9 13 17 19 | 19.0
Spellcasting   | 3 4 5 6 |  6.3
Earth Magic    | 5 6 7 8 |  8.2
Short Blades   | 1 5 7 9 |  9.1
Fighting       | 1 4 6 7 |  7.6
Dodging        | |  2.1

Action                   |  1- 3 |  4- 6 |  7- 9 | 10-12 || total
-------------------------+-------+-------+-------+-------++-------
Melee: Unarmed           |     7 |       |       |    19 ||    26
       Bite              |     1 |    19 |    17 |    75 ||   112
       Dagger            |       |   120 |   170 |    70 ||   360
       Punch             |       |       |     5 |     6 ||    11
       Short sword       |       |       |     6 |       ||     6
       Quick blade       |       |       |       |   346 ||   346
 Fire: Sling             |       |       |       |     7 ||     7
 Cast: Sandblast         |    53 |    49 |   160 |   107 ||   369
       Petrify           |       |       |    14 |   129 ||   143
       Lee's Rapid Decon |       |       |       |     3 ||     3
Evoke: Wand              |       |       |     1 |    12 ||    13
  Use: Scroll            |     4 |     2 |     2 |    17 ||    25
       Potion            |       |       |     1 |     1 ||     2
 Stab: Sleeping          |       |     5 |    13 |     5 ||    23
       Petrified         |       |       |    27 |    46 ||    73
       Petrifying        |       |       |       |    45 ||    45
       Distracted        |       |       |       |     8 ||     8
Armor: Robe              |     2 |       |       |       ||     2
       Leather armour    |       |    60 |   136 |   144 ||   340
       Skin              |       |       |       |     8 ||     8
Dodge: Dodged            |    13 |    73 |   158 |   212 ||   456
Block: Other             |     3 |    21 |    79 |    81 ||   184
       Reflection        |       |       |     5 |       ||     5

Table legend: (Time is in decaauts)
 A = Elapsed time spent in this place.
 B = Non-inter-level travel time spent in this place.
 C = Inter-level travel time spent in this place.
 D = Time resting spent in this place.
 E = Time spent auto-exploring this place.
 F = Levels seen in this place.
 G = Mean time per level.
                   A        B        C        D        E       F      G
               +--------+--------+--------+--------+--------+-----+--------+
         Total |  15233 |  14138 |   1095 |    764 |  10699 |  15 | 1015.5 |
       Dungeon |  10499 |   9552 |    947 |    654 |   7121 |   9 | 1166.6 |
        Temple |     48 |     27 |     21 |      0 |     18 |   1 |   48.0 |
          Lair |   3997 |   3871 |    126 |    110 |   3070 |   3 | 1332.3 |
         Sewer |    161 |    161 |      0 |      0 |    103 |   1 |  161.0 |
        Bailey |    527 |    527 |      0 |      0 |    386 |   1 |  527.0 |
               +--------+--------+--------+--------+--------+-----+--------+

Top non-repeatable levels by time:
     D:8: 2507 daAuts
  Lair:2: 1676 daAuts
  Lair:1: 1473 daAuts
     D:2: 1379 daAuts
     D:9: 1312 daAuts
     D:3: 1264 daAuts
     D:7: 1010 daAuts
     D:4: 969 daAuts
  Lair:3: 846 daAuts
     D:5: 790 daAuts
     D:6: 667 daAuts
     D:1: 597 daAuts
  Bailey: 527 daAuts
   Sewer: 161 daAuts
  Temple: 48 daAuts
